 Seeded DCSS version 0.30-a0-364-gf6b3ef1049 (webtiles) character file.

Game seed: 20221114 (custom seed)

182 Nerdsrcool the Firebug (level 5, -1/28 HPs)
             Began as a Tengu Fire Elementalist on Nov 14, 2022.
             Killed by divine providence
             ... invoked by an orc priest
              (11 damage)
             ... on level 4 of the Dungeon.
             The game lasted 00:26:16 (3803 turns).

Nerdsrcool the Firebug (Tengu Fire Elementalist)    Turns: 3803, Time: 00:26:17

Health: -1/28      AC:  7    Str:  9    XL:     5   Next: 61%
Magic:  1/11       EV: 13    Int: 17    God:
Gold:   205        SH:  3    Dex: 14    Spells: 7/10 levels left

rFire   . . .      SeeInvis .    g - +0 short sword
rCold   . . .      Faith    .    r - +0 buckler
rNeg    . . .      Spirit   .    z - +3 leather armour
rPois   .          Reflect  .    (helmet restricted)
rElec   .          Harm     .    e - +0 cloak
rCorr   .          Rampage  .    (no gloves)
Will    .....                    (boots unavailable)
Stlth   ++........               (no amulet)
HPRegen 0.24/turn                (no ring)
MPRegen 0.12/turn                (no ring)

@: flying quickly and evasively, quick
A: beak, talons 3, nimble flight
a: no special abilities


You were on level 4 of the Dungeon.
You visited 1 branch of the dungeon, and saw 4 of its levels.

You collected 205 gold pieces.

Inventory:

Hand Weapons
 f - a +0 dagger
 g - a +0 short sword (weapon)
 y - a +2 flail of protection
Missiles
 v - 3 poisoned darts
Armour
 a - a +0 robe
 e - a +0 cloak (worn)
 q - a +2 helmet of see invisible
 r - a +0 buckler (worn)
 z - a +3 leather armour (worn)
 B - the +2 robe "Tobaophu" {Rampage}
   (You found it on level 4 of the Dungeon)

   Rampage:   It bestows one free step when moving towards enemies.
Wands
 i - a wand of light (8)
Scrolls
 c - a scroll of magic mapping
 h - 2 scrolls of butterflies
 j - 3 scrolls of teleportation
 l - 2 scrolls of fear
 o - a scroll of amnesia
 p - a scroll of poison
 x - a scroll of blinking {unknown}
 A - a scroll of immolation {unknown}
Potions
 b - a potion of magic
 d - 2 potions of brilliance {unknown}
 k - a potion of mutation {unknown}
 m - a potion of degeneration {unknown}
 n - a potion of flight {unknown}
 s - a potion of attraction {unknown}
 t - a potion of cancellation {unknown}
 u - 2 potions of might {unknown}
 w - a potion of invisibility {unknown}


   Skills:
 + Level 0.2 Fighting
 + Level 2.3 Dodging
 + Level 2.4 Stealth
 + Level 3.3 Spellcasting
 + Level 3.2 Conjurations
 + Level 4.8 Fire Magic


You had 7 spell levels left.
You knew the following spells:

 Your Spells              Type           Power      Damage    Failure   Level
a - Foxfire               Conj/Fire      64%        2x1d7     6%          1
b - Scorch                Fire           38%        2d6       7%          2

Your spell library contained the following spells:

 Spells                   Type           Power      Damage    Failure   Level
 Inner Flame              Hex/Fire       11%        N/A       34%         3
 Kindle Blastsparks       Fire/Tloc/Air  16%        2d11      45%         3
 Flame Wave               Conj/Fire      16%        2d7       52%         4
 Frozen Ramparts          Ice            4%         1d1       67%         3
 Ice Form                 Ice/Tmut       2%         N/A       97%         4
 Summon Ice Beast         Ice/Summ       2%         N/A       97%         4


Dungeon Overview and Level Annotations

Branches:
Dungeon (4/15)
 Temple: D:4-7

Altars:
Kikubaaqudgha

Annotations:
D:3 1 runed translucent door, seaofthunder's ghost, amateur HOFi


Innate Abilities, Weirdness & Mutations

You have a beak for a mouth.
You have claws for feet.
Your magical nature lets you fly swiftly and evasively.


Message History

The orc priest is moderately wounded.
You conjure some foxfire!
The foxfire hits the orc priest.
The orc priest is moderately wounded.
The foxfire hits the orc priest.
The orc priest is heavily wounded.
You conjure some foxfire!
The foxfire hits the orc priest.
The orc priest is severely wounded.
You hit the orc priest but do no damage.
You claw the orc priest.
You peck the orc priest, but do no damage.
The orc priest is almost dead.
The foxfire hits the orc priest.
The orc priest is almost dead.
The orc priest barely misses you.
Your magical contamination has completely faded away.
You barely miss the orc priest.
You peck the orc priest, but do no damage.
The orc priest is almost dead.
The orc priest hits you with a +0 dagger.
The orc priest barely misses you.
You completely miss the orc priest.
You claw the orc priest, but do no damage.
The orc priest is almost dead.
You block the orc priest's attack.
The orc priest hits you with a +0 war axe.
The orc wizard hits you but does no damage.
You hit the orc priest but do no damage.
Your peck misses the orc priest.
The orc priest is almost dead.
The orc priest invokes the aid of Beogh against you.
Beogh smites you!
The orc priest hits you with a +0 war axe.
The orc wizard hits you with a +1 dagger of protection.
Aiming: Bolt of Light
Press: ? - help, Q - select action, (/) - cycle Shift-Dir - straight line, f - orc priest
Aim: an orc priest, wielding a +0 war axe and wearing a +0 ring mail (almost dead, 75% to hit)
The bolt of light misses the orc priest.
The orc priest invokes the aid of Beogh against you.
Beogh smites you!
You die...

..#...#.....##
#.#...#.....# ....
#.......#.#.##. ...#
..###...#..#.. ...#
..###...# .... ##...
....##..###.. ....
##.###..#(..# #..#####.
#..###......####oo.))...
#...#........#.#@o.#
..####..##......##.#
...##...##<#.#...§...§.
........##.######.....>
.......###.# ## .......
........##.#..#....##...
.................... ..
....##....#..).... ..
#.#.##########.... .[.


You could see 2 orc priests and an orc wizard.

Vanquished Creatures
  An orc priest (D:4)
  Robin (D:3)
  3 adders (D:3)
  An ufetubus (D:4)
  2 worms (D:2)
  3 dart slugs
  7 orcs
  6 ball pythons
  3 bats
  An endoplasm (D:4)
  3 giant cockroaches
  15 goblins
  11 hobgoblins
  8 jackals
  6 quokkas
  A frilled lizard (D:1)
  7 kobolds
  2 rats (D:3)
81 creatures vanquished.

Vanquished Creatures (others)
  196 foxfires
196 creatures vanquished.

Grand Total: 277 creatures vanquished

Notes
Turn   | Place    | Note
-------+----------+-------------------------------------------
     0 | D:1      | Nerdsrcool the Tengu Fire Elementalist began the quest for
                  | the Orb.
     0 | D:1      | Reached XP level 1. HP: 10/10 MP: 4/4
   334 | D:1      | Reached XP level 2. HP: 15/15 MP: 3/6
  1231 | D:2      | Reached XP level 3. HP: 19/19 MP: 2/7
  1294 | D:2      | Learned a level 2 spell: Scorch
  1299 | D:2      | Reached skill level 4 in Fire Magic
  2435 | D:3      | Reached XP level 4. HP: 24/24 MP: 3/8
  2531 | D:3      | Found a runed translucent door.
  2890 | D:3      | Noticed seaofthunder's ghost (amateur HOFi)
  3085 | D:3      | Found an ancient bone altar of Kikubaaqudgha.
  3093 | D:3      | Noticed Robin
  3103 | D:3      | Killed Robin
  3104 | D:3      | Gained mutation: Your magical nature lets you fly swiftly
                  | and evasively. [Tengu growth]
  3104 | D:3      | Reached XP level 5. HP: 21/28 MP: 0/10
  3769 | D:4      | Identified the +2 robe "Tobaophu" {Rampage}
  3803 | D:4      | Killed from afar by an orc priest

Illustrated notes

Levels and vault maps discovered:
D:1:      dpeg_arrival_long_road, layout_basic, nicolae_hexahallways,
          minivault_11
D:2:      layout_basic
D:3:      layout_loops_cross, nicolae_kikubaaqudgha_miasma_corner,
          hellmonk_ghost_happy_afterlife,
          dreamdust_ecumenical_altar_hidden_monk_grotto, uniq_robin
D:4:      layout_cave_pools, mainiacjoe_overflow_large_starburst,
          grunt_ministairs_8, uniq_blork_the_orc, uniq_eustachio

Skill      XL: |  1  2  3  4  5 |
---------------+----------------+-----
Fire Magic     | 4 |  4.8
Conjurations   | 2 3 |  3.2
Spellcasting   | 3 |  3.3
Fighting       | |  0.2
Dodging        | |  2.3
Stealth        | |  2.4

Action                   |  1- 3 |  4- 6 || total
-------------------------+-------+-------++-------
Melee: Dagger            |     2 |       ||     2
       Unarmed           |     2 |       ||     2
       Kick              |     3 |     8 ||    11
       Short sword       |     8 |    21 ||    29
       Peck              |     2 |     7 ||     9
 Cast: Foxfire           |    68 |    65 ||   133
       Scorch            |    11 |    10 ||    21
Evoke: Wand              |       |     1 ||     1
  Use: Scroll            |       |     6 ||     6
Armor: Robe              |     6 |     4 ||    10
       Leather armour    |       |     1 ||     1
Dodge: Dodged            |    12 |    13 ||    25
Block: Buckler           |       |     4 ||     4

Table legend: (Time is in decaauts)
 A = Elapsed time spent in this place.
 B = Non-inter-level travel time spent in this place.
 C = Inter-level travel time spent in this place.
 D = Time resting spent in this place.
 E = Time spent auto-exploring this place.
 F = Levels seen in this place.
 G = Mean time per level.
                   A        B        C        D        E       F      G
               +--------+--------+--------+--------+--------+-----+--------+
         Total |   3769 |   3762 |      7 |    150 |   3042 |   4 |  942.2 |
       Dungeon |   3769 |   3762 |      7 |    150 |   3042 |   4 |  942.2 |
               +--------+--------+--------+--------+--------+-----+--------+

Top non-repeatable levels by time:
     D:2: 1254 daAuts
     D:1: 1174 daAuts
     D:3: 990 daAuts
     D:4: 350 daAuts
